 Dungeon Crawl Stone Soup version 0.21.0-3-g78d12a8 (webtiles) character file.

54514 Monsterracer the Severer (level 15, -5/119 HPs)
             Began as a Formicid Abyssal Knight on Jan 12, 2018.
             Was the Champion of Lugonu.
             Slain by an orc knight
             ... wielding a +0 war axe
              (21 damage)
             ... on level 1 of the Orcish Mines.
             The game lasted 00:42:47 (29391 turns).

Monsterracer the Severer (Formicid Abyssal Knight) Turns: 29391, Time: 00:42:48

Health: -5/119     AC: 23    Str: 25    XL:     15   Next: 14%
Magic:  0/24       EV: 10    Int: 12    God:    Lugonu [******]
Gold:   1707       SH:  0    Dex: 10    Spells: 14/14 levels left

rFire    + + .     SeeInvis +   a - +6 battleaxe (distort)
rCold    . . .     Gourm    .   (no shield)
rNeg     . . .     Faith    .   G - +1 plate armour "Ufaricim" {MR++ SInv}
rPois    +         Spirit   +   (helmet unavailable)
rElec    .         Reflect  .   e - +2 cloak
rCorr    .         Harm     .   I - +2 pair of gloves
MR       +++..                  (no boots)
Stlth    ..........             h - amulet of guardian spirit
HPRegen  0.29/turn              L - ring of the Fool {+Inv rF+ Str+2 Stlth+}
MPRegen  0.19/turn              O - ring of Sovereignty {rPois rF+}

@: no status effects
A: permanent stasis, dig shafts and tunnels, four strong arms, antennae 3
a: Dig, Shaft Self, Depart the Abyss, Bend Space, Banish, Corrupt, Enter the
Abyss, Renounce Religion, Evoke Invisibility


You were on level 1 of the Orcish Mines.
You worshipped Lugonu.
Lugonu was exalted by your worship.
You were hungry.

You visited 3 branches of the dungeon, and saw 19 of its levels.
You visited the Abyss 1 time.
You also visited: Ice Cave.

You collected 1707 gold pieces.

Inventory:

Hand Weapons
 a - a +6 battleaxe of distortion (weapon)
 b - a +0 hand axe of flaming
Missiles
 k - 4 javelins
 q - 8 exploding tomahawks
 u - 2 throwing nets {!F}
 N - 3 steel tomahawks
 P - 8 tomahawks (quivered)
 Q - 9 tomahawks of returning
Armour
 e - a +2 cloak (worn)
 t - the +7 Kryia's mail coat {PotionHeal*2 rC+}
   (You found it in an ice cave)

   It protects you from cold.
 G - the +1 plate armour "Ufaricim" (worn) {MR++ SInv}
   (You found it in an ice cave)

   It affects your resistance to hostile enchantments.
   It lets you see invisible.
 I - a +2 pair of gloves (worn)
Jewellery
 h - an amulet of guardian spirit (around neck)
 r - an uncursed ring of positive energy {!d}
 x - the ring "Vohiashouck" {Ice rElec Int+6 Stlth+}
   (You found it on level 10 of the Dungeon)

   [ring of ice]

   It enhances your ice magic.
   It affects your intelligence (+6).
   It makes you vulnerable to fire.
   It protects you from cold.
   It insulates you from electricity.
   It makes you more stealthy.
 E - the ring of Gluttony {Wiz *Corrode +Fly rElec rN+++}
   (You found it on level 1 of the Lair of Beasts)

   [ring of wizardry]

   It improves your spell success rate.
   It insulates you from electricity.
   It renders you almost immune to negative energy.
   It lets you fly.
   It may corrode you when you take damage.
 H - a +3 ring of strength
 L - the ring of the Fool (left hand) {+Inv rF+ Str+2 Stlth+}
   (You found it on level 4 of the Lair of Beasts)

   [ring of strength]

   It affects your strength (+2).
   It protects you from fire.
   It lets you turn invisible.
   It makes you more stealthy.
 O - the ring of Sovereignty (right hand) {rPois rF+}
   (You found it on level 6 of the Lair of Beasts)

   [ring of protection from fire]

   It protects you from fire.
   It protects you from poison.
Wands
 d - a wand of flame (32)
 n - a wand of iceblast (16)
 v - a wand of paralysis (24)
 w - a wand of disintegration (15)
 z - a wand of scattershot (4)
 C - a wand of polymorph (20)
Scrolls
 g - 5 scrolls of enchant armour
 l - 4 scrolls of remove curse
 y - 4 scrolls of fear {!r}
 F - a scroll of magic mapping {!r}
 J - a scroll of identify
 M - a scroll of fog
Potions
 f - 7 potions of might
 i - 6 potions of curing
 j - 3 potions of mutation {!q}
 m - a potion of ambrosia {!q}
 o - 2 potions of flight
 p - 2 potions of heal wounds
 s - a potion of magic
 A - 4 potions of cancellation
 B - a potion of lignification
 D - 5 potions of agility
 K - a potion of resistance
Comestibles
 c - 43 rations


   Skills:
 + Level 11.6 Fighting
 * Level 15.0 Axes
 + Level 5.5 Throwing
 + Level 11.3 Armour
 - Level 7.7 Dodging
 + Level 12.3 Invocations


You had 14 spell levels left.
You didn't know any spells.

Dungeon Overview and Level Annotations

Branches:
Dungeon (11/15)            Temple (0/1) D:5            Lair (6/6) D:10
 Shoals (0/4) Lair:2        Snake (0/4) Lair:3        Slime (0/5) Lair:5
    Orc (2/2) D:9
    Elf: Orc:2

Altars:
Ashenzari
Cheibriados
Dithmenos
Elyvilon
Gozag
Nemelex Xobeh
Qazlal
Ru
Sif Muna
Uskayaw
Xom
Yredelemnul

Shops:
D:5 !

Annotations:
Orc:2 Saint Roka
Abyss:1 Edmund, Prince Ribbit


Innate Abilities, Weirdness & Mutations

You cannot be hasted, slowed, berserked, paralysed or teleported.
You can dig through walls and to a lower floor.
Your four strong arms can wield two-handed weapons with a shield.
You have a pair of large antennae on your head. (SInv)


Message History

You closely miss the orc knight.
The orc knight hits you with an enchanted battleaxe!
You take 12 damage, and have 86/119 hp.
You now have 21/24 mp.
You slice the orc knight!!
The orc knight is heavily wounded.
The orc knight disappears!
You start resting.
Magic restored.
You regained 4 hp, and now have 91/119 hp.
MP restored: 24 Unknown command.
You start resting.
HP restored.
Health restored: 119
There is a stone staircase leading down, spattered with blood here.
You climb downwards.
Beware, you cannot shaft yourself on this level.
Level annotation: Saint Roka The orc knight hits you with a war axe!
The orc hits you but does no damage.
The orc knight hits you but does no damage. x2
There is a stone staircase leading up, spattered with blood here.
You take 12 damage, and have 107/119 hp.
You now have 22/24 mp.
Unknown command.
You slice the orc knight!!
The orc knight is moderately wounded.
You hit the orc.
Space bends around the orc.
You hit the orc knight but do no damage.
The orc priest miscasts a cantrip.
The orc hits you but does no damage.
The orc knight hits you with an enchanted long sword.
The orc warrior hits you from afar with a halberd.
The orc knight roars a battlecry!
The orcs go into a battle-frenzy!
You take 2 damage, and have 105/119 hp.
The orc priest invokes the aid of Beogh against you.
Beogh smites you! The orc hits you but does no damage.
The orc knight hits you with an enchanted long sword!
The orc warrior hits you from afar with a halberd!!
The orc knight hits you but does no damage.
You hear a shout!
You climb upwards.
There is a stone staircase leading down, spattered with blood here.
You take 43 damage, and have 62/119 hp.
MASSIVE DAMAGE!!
You now have 13/24 mp.
The orc completely misses you.
The orc knight roars a battlecry!
The orc knight goes into a battle-frenzy!
You climb downwards.
Beware, you cannot shaft yourself on this level.
Level annotation: Saint Roka An orc warrior comes into view.
It is wielding a hand axe.
The orc warrior closely misses you.
The orc warrior hits you with a halberd.
The orc wizard gestures wildly while chanting.
The orc wizard seems to speed up.
There is a stone staircase leading up, spattered with blood here.
The orc knight roars a battlecry!
The orc wizard goes into a battle-frenzy!
The orc warrior hits you but does no damage.
The orc hits you with a trident of pain.
* * * LOW HITPOINT WARNING * * *
The orc warrior closely misses you.
The orc knight roars a battlecry!
The orc warrior goes into a battle-frenzy!
You climb upwards.
There is a stone staircase leading down, spattered with blood here.
Unknown command.
Unknown command.
Unknown command.
You take 3 damage, and have 59/119 hp.
Unknown command.
You closely miss the orc knight.
The orc knight is moderately wounded.
You barely miss the orc.
You hit the orc warrior but do no damage.
Space bends around the orc warrior.
You hit the orc warrior.
The orc warrior is devoured by a tear in reality.
Lugonu claims a new guest.
You slash the orc knight!
The orc knight blinks!
The orc knight hits you with a war axe!!
* * * LOW HITPOINT WARNING * * *
The orc warrior closely misses you. The orc closely misses you.
You take 22 damage, and have 37/119 hp.
You now have 8/24 mp.
You closely miss the orc.
The orc is heavily wounded.
You hit the orc warrior but do no damage.
Space bends around the orc warrior.
You barely miss the orc knight.
The orc knight hits you with a war axe!!
* * * LOW HITPOINT WARNING * * *
The orc warrior hits you but does no damage.
The orc hits you but does no damage.
You take 21 damage, and have 16/119 hp.
You now have 4/24 mp.
You closely miss the orc knight.
The orc knight is moderately wounded.
You slash the orc!
You kill the orc!
Lugonu accepts your kill.
Your plate armour "Ufaricim" prevents you from hitting the orc warrior.
The orc knight hits you with a war axe!!
You die...

##.###.#.#..###.....#.#....
#....######..#.............
##.....#.#................#
###.............##.......#
##..{......)..####.......
###..###....#[### ##..##.#
##...## #..>..[.# ##.####
#.....###§...#.## ###
##....##..§@o.#.#
##....#..§o)##.##
##.......###...###
##......##......#
#.....###.....###
###....#....#...###
#####......###....# ####
##.####....####....# ##..##
#....#.#...##......#


You could see an orc knight and an orc warrior.

Vanquished Creatures
  Gastronok (D:8)
  A stone giant (Orc:1)
  A merfolk avatar (Lair:6)
  4 hydras
  A two-headed ogre (D:11)
  5 death yaks (Lair:6)
  An orc high priest (Orc:1)
  A necromancer (IceCv)
  2 orc sorcerers (Orc:1)
  2 ugly things (D:11)
  A manticore (Lair:6)
  4 elephants (Lair:6)
  2 ice statues (IceCv)
  3 black mambas
  9 spiny frogs
  A kobold demonologist (D:10)
  5 rime drakes
  9 ice devils
  11 komodo dragons
  2 wind drakes (Lair:6)
  2 trolls
  A merfolk (Lair:2)
  A hornet (Lair:6)
  2 polar bears (Lair:6)
  18 blink frogs
  Grinder (D:6)
  4 dream sheep (Lair:6)
  5 hippogriffs
  Sigmund (D:6)
  A shadow (D:11)
  Eustachio (D:5)
  A wyvern (Lair:6)
  3 basilisks
  32 yaks
  2 hungry ghosts
  3 nagas (Lair:3)
  A warg (Orc:1)
  A soldier ant (D:10)
  14 porcupines
  13 water moccasins
  2 ice beasts
  A hornet zombie (D:10)
  17 orc warriors
  2 black bears
  An eye of draining (D:8)
  A necrophage (D:11)
  6 ogres
  2 phantoms
  8 wolves
  3 centaurs
  20 crocodiles
  Blork the orc (D:6)
  15 bullfrogs
  19 big kobolds
  3 scorpions
  9 killer bees
  4 wights (D:8)
  An electric eel (Lair:2)
  A bullfrog zombie (D:9)
  5 crimson imps
  Crazy Yiuf (D:2)
  A quasit (D:9)
  7 orc priests
  A draconian simulacrum (IceCv)
  5 hounds
  4 jellies
  2 bullfrog skeletons
  2 gnoll shamans (D:4)
  2 iguanas
  14 orc wizards
  12 worker ants
  2 spriggan simulacra (IceCv)
  A troll simulacrum (IceCv)
  2 centaur simulacra (IceCv)
  A worker ant zombie (D:8)
  19 gnolls
  A howler monkey skeleton (D:6)
  An ogre simulacrum (IceCv)
  19 adders
  2 naga simulacra (IceCv)
  6 shadow imps
  5 oozes
  3 adder skeletons
  4 worms
  7 dart slugs
  4 leopard geckos
  61 orcs
  4 giant cockroaches
  11 goblins
  8 hobgoblins
  13 jackals
  3 quokkas
  2 ball pythons
  14 bats
  5 frilled lizards
  33 kobolds
  13 rats
  A fungus (Lair:6)
  A plant (Lair:6)
591 creatures vanquished.

Vanquished Creatures (collateral kills)
  2 water moccasins (Lair:3)
  A porcupine (Lair:3)
3 creatures vanquished.

Vanquished Creatures (others)
  A death yak (Lair:6)
  An orc sorcerer (Orc:2)
  An ice statue (IceCv)
  3 spiny frogs (Lair:4)
  An ice devil (IceCv)
  A komodo dragon (Lair:6)
  3 wind drakes (Lair:6)
  A blink frog (Lair:4)
  A hippogriff (Lair:6)
  An orc warrior (Orc:1)
  An ogre (Orc:2)
  A crocodile (Lair:6)
  An orc wizard (Orc:1)
  An ogre simulacrum (IceCv)
  2 bushes (Lair:6)
  9 fungi
  18 plants
47 creatures vanquished.

Grand Total: 641 creatures vanquished

Notes
Turn   | Place    | Note
-------+----------+-------------------------------------------
     0 | Abyss:1  | Monsterracer the Formicid Abyssal Knight began the quest for the Orb.
     0 | Abyss:1  | Reached XP level 1. HP: 18/18 MP: 2/2
    28 | Abyss:1  | Noticed a wretched star
    31 | Abyss:1  | Noticed a raiju
    32 | D:1      | Escaped the Abyss
    66 | D:1      | Reached * piety under Lugonu
   318 | D:1      | Reached XP level 2. HP: 16/24 MP: 3/3
   599 | D:1      | Reached skill level 3 in Axes
   741 | D:1      | Reached XP level 3. HP: 27/29 MP: 4/4
  1632 | D:2      | Noticed a bullfrog
  1652 | D:1      | HP: 13/29 [bullfrog (3)]
  1653 | D:1      | Killed a bullfrog
  1653 | D:1      | Reached skill level 4 in Axes
  1653 | D:1      | Reached XP level 4. HP: 16/35 MP: 5/5
  1653 | D:1      | Reached XP level 5. HP: 19/41 MP: 6/6
  1828 | D:1      | Reached skill level 5 in Axes
  1991 | D:2      | Reached ** piety under Lugonu
  2304 | D:2      | HP: 20/41 [poisoned by an adder]
  2308 | D:2      | Reached XP level 6. HP: 15/47 MP: 7/7
  2324 | D:2      | HP: 23/47 [poisoned by an adder]
  2329 | D:2      | HP: 22/47 [poisoned by an adder]
  2336 | D:2      | HP: 21/47 [poisoned by an adder]
  2344 | D:2      | HP: 20/47 [poisoned by an adder]
  2726 | D:2      | Found an opulent altar of Gozag.
  2727 | D:2      | Found a sparkling altar of Nemelex Xobeh.
  2815 | D:2      | Found a runed door.
  2819 | D:2      | Noticed Crazy Yiuf
  2834 | D:2      | Killed Crazy Yiuf
  2846 | D:2      | HP: 23/47 [poisoned by Crazy Yiuf]
  2853 | D:2      | HP: 22/47 [poisoned by Crazy Yiuf]
  2861 | D:2      | HP: 22/47 [poisoned by Crazy Yiuf]
  3068 | D:3      | Found a hide-covered altar of Uskayaw.
  3068 | D:3      | Noticed a hand axe
  3068 | D:3      | Noticed a hand axe
  3076 | D:3      | Reached skill level 6 in Axes
  3097 | D:3      | You fall through a shaft for 2 floors!
  3097 | D:5      | Entered Level 5 of the Dungeon
  3119 | D:5      | HP: 19/47 [gnoll/spear (6)]
  3131 | D:4      | HP: 16/47 [hound (1)]
  3414 | D:3      | Reached *** piety under Lugonu
  3690 | D:3      | Reached XP level 7. HP: 43/53 MP: 9/9
  4089 | D:4      | HP: 25/53 [gnoll/flail (3)]
  4094 | D:4      | HP: 21/53 [gnoll/spear (3)]
  4478 | D:4      | HP: 25/54 [gnoll shaman/club (4)]
  4523 | D:4      | HP: 27/54 [gnoll (2)]
  4546 | D:5      | HP: 26/54 [acid (2)]
  4733 | D:4      | HP: 24/54 [gnoll/halberd (12)]
  4738 | D:5      | HP: 24/54 [gnoll/halberd (1)]
  4741 | D:5      | Reached **** piety under Lugonu
  5119 | D:4      | Reached skill level 7 in Axes
  5119 | D:4      | Reached XP level 8. HP: 60/61 MP: 10/10
  5314 | D:4      | Found a deep blue altar of Sif Muna.
  5508 | D:5      | Found a snail-covered altar of Cheibriados.
  5519 | D:5      | Noticed Prince Ribbit
  5527 | D:5      | HP: 26/61 [Prince Ribbit (8)]
  5535 | D:5      | Banished Prince Ribbit
  5839 | D:5      | Found Locagal's Distillery.
  5884 | D:5      | Noticed Eustachio
  5926 | D:5      | HP: 29/61 [Eustachio/rapier (3)]
  5936 | D:5      | HP: 30/61 [crimson imp[Eustachio] (1)]
  5937 | D:5      | Killed Eustachio
  5937 | D:5      | Reached skill level 5 in Fighting
  6098 | D:5      | Found a staircase to the Ecumenical Temple.
  6498 | D:5      | Found a shattered altar of Ashenzari.
  6685 | D:6      | Reached skill level 8 in Axes
  6689 | D:6      | Reached skill level 5 in Invocations
  6745 | D:6      | Reached XP level 9. HP: 59/68 MP: 12/12
  6901 | D:6      | Noticed Grinder
  6931 | D:6      | Killed Grinder
  6931 | D:6      | Reached skill level 5 in Armour
  7097 | D:6      | Noticed Edmund
  7109 | D:6      | HP: 33/69 [Edmund/flail of holy wrath (2)]
  7116 | D:6      | HP: 20/69 [Edmund/flail of holy wrath (3)]
  7117 | D:6      | Banished Edmund
  7415 | D:6      | HP: 34/69 [orc warrior/scimitar (19)]
  7420 | D:6      | HP: 17/69 [poisoned by an orc wizard]
  7425 | D:6      | HP: 13/69 [poisoned by an orc wizard]
  7430 | D:6      | HP: 11/69 [poisoned by an orc wizard]
  7436 | D:6      | HP: 9/69 [poisoned by an orc wizard]
  7441 | D:6      | HP: 8/69 [poisoned by an orc wizard]
  7449 | D:6      | HP: 8/69 [poisoned by an orc wizard]
  7493 | D:6      | HP: 2/69 [orc priest/divine providence (14)]
  7993 | D:7      | Reached skill level 9 in Axes
  8220 | D:6      | Noticed Blork the orc
  8242 | D:6      | Killed Blork the orc
  8537 | D:6      | Noticed Sigmund
  8552 | D:6      | Killed Sigmund
  8889 | D:7      | Found a basalt altar of Yredelemnul.
  8891 | D:7      | Found a sacrificial altar of Ru.
  8898 | D:7      | Found a shadowy altar of Dithmenos.
  8946 | D:7      | Paralysed by fainting for 10 turns
  8958 | D:7      | Paralysed by fainting for 5 turns
  8971 | D:7      | Reached XP level 10. HP: 49/77 MP: 12/14
  9196 | D:7      | Found a stormy altar of Qazlal.
 10097 | D:8      | Noticed Gastronok
 10103 | D:8      | HP: 38/77 [worker ant (3)]
 10105 | D:8      | HP: 18/77 [poisoned by a worker ant]
 10110 | D:8      | HP: 15/77 [poisoned by a worker ant]
 10116 | D:8      | HP: 13/77 [poisoned by a worker ant]
 10122 | D:8      | HP: 13/77 [poisoned by a worker ant]
 10126 | D:7      | Reached skill level 1 in Dodging
 10129 | D:7      | HP: 12/77 [poisoned by a worker ant]
 10552 | D:8      | Reached skill level 10 in Axes
 10584 | D:8      | HP: 37/79 [Gastronok/the air (12)]
 10803 | D:8      | Killed Gastronok
 10934 | D:8      | Found a shattered altar of Ashenzari.
 11671 | D:9      | Reached XP level 11. HP: 65/85 MP: 12/17
 11793 | D:9      | Found a staircase to the Orcish Mines.
 11799 | D:9      | Reached ***** piety under Lugonu
 11894 | D:9      | HP: 41/86 [orc warrior/war axe (6)]
 12211 | D:9      | HP: 43/86 [poisoned by a killer bee]
 12218 | D:9      | HP: 43/86 [poisoned by a killer bee]
 12226 | D:9      | HP: 43/86 [poisoned by a killer bee]
 12485 | D:9      | Reached skill level 11 in Axes
 13174 | D:10     | Entered Level 10 of the Dungeon
 13305 | D:10     | HP: 40/87 [yak (8)]
 13310 | D:10     | HP: 30/87 [yak (1)]
 13328 | D:10     | Got a crude marble ring
 13334 | D:10     | Identified the ring "Vohiashouck" {Ice rElec Int+6 Stlth+} (You found it on level 10 of the Dungeon)
 13641 | D:10     | Found a staircase to the Lair.
 13721 | D:10     | Noticed a sun demon
 14447 | D:11     | HP: 37/87 [orc warrior/long sword (7)]
 14732 | D:11     | Found a shimmering altar of Xom.
 14732 | D:11     | Noticed a two-headed ogre
 14751 | D:11     | HP: 42/87 [two-headed ogre/giant club (12)]
 14754 | D:11     | Killed a two-headed ogre
 14754 | D:11     | Reached skill level 12 in Axes
 14754 | D:11     | Reached XP level 12. HP: 33/94 MP: 7/19
 14757 | D:11     | HP: 27/94 [killer bee (1)]
 14763 | D:11     | HP: 24/94 [poisoned by a killer bee]
 14769 | D:11     | HP: 22/94 [poisoned by a killer bee]
 14774 | D:11     | HP: 21/94 [poisoned by a killer bee]
 14782 | D:11     | HP: 21/94 [poisoned by a killer bee]
 15674 | D:11     | HP: 38/95 [red ugly thing (18)]
 16124 | D:11     | Found a white marble altar of Elyvilon.
 16321 | Lair:1   | Entered Level 1 of the Lair of Beasts
 16345 | Lair:1   | Reached skill level 5 in Dodging
 16350 | Lair:1   | HP: 46/95 [yak (10)]
 16683 | Lair:1   | HP: 48/96 [poisoned by a black mamba]
 16689 | Lair:1   | HP: 46/96 [poisoned by a black mamba]
 16696 | Lair:1   | HP: 44/96 [poisoned by a black mamba]
 16703 | Lair:1   | HP: 44/96 [poisoned by a black mamba]
 16711 | Lair:1   | HP: 44/96 [poisoned by a black mamba]
 17246 | Lair:1   | Noticed an eight-headed hydra
 17258 | Lair:1   | HP: 48/96 [three-headed hydra (2)]
 17263 | Lair:1   | Killed a one-headed hydra
 17263 | Lair:1   | Reached skill level 10 in Invocations
 17790 | Lair:1   | HP: 45/97 [wolf (6)]
 17794 | Lair:1   | Reached ****** piety under Lugonu
 18015 | Lair:1   | Got a glittering ivory ring
 18209 | Lair:2   | HP: 40/97 [spiny frog (14)]
 18214 | Lair:2   | HP: 28/97 [poisoned by a spiny frog]
 18215 | Lair:2   | Identified the ring of Gluttony {Wiz *Corrode +Fly rElec rN+++} (You found it on level 1 of the Lair of Beasts)
 18219 | Lair:2   | HP: 20/97 [poisoned by a spiny frog]
 18224 | Lair:2   | HP: 14/97 [poisoned by a spiny frog]
 18229 | Lair:2   | HP: 8/97 [poisoned by a spiny frog]
 18234 | Lair:2   | HP: 5/97 [poisoned by a spiny frog]
 18239 | Lair:2   | HP: 4/97 [poisoned by a spiny frog]
 18245 | Lair:2   | HP: 2/97 [poisoned by a spiny frog]
 18252 | Lair:2   | HP: 2/97 [poisoned by a spiny frog]
 18260 | Lair:2   | HP: 2/97 [poisoned by a spiny frog]
 18711 | Lair:2   | Reached XP level 13. HP: 93/103 MP: 17/20
 18715 | Lair:2   | Reached skill level 13 in Axes
 19295 | Lair:2   | Reached skill level 10 in Fighting
 19814 | Lair:2   | HP: 47/103 [electric eel/bolt of electricity (13)]
 19822 | Lair:2   | Identified a +4 battleaxe of distortion (a +2 battleaxe corrupted by Lugonu)
 19822 | Lair:2   | Received a gift from Lugonu
 20022 | Lair:2   | Found a staircase to the Shoals.
 20381 | Lair:3   | Found a staircase to the Snake Pit.
 20480 | Lair:3   | Noticed a four-headed hydra
 20496 | Lair:3   | Killed a one-headed hydra
 20496 | Lair:3   | Reached skill level 1 in Throwing
 20700 | Lair:3   | Found a frozen archway.
 20707 | Lair:3   | Reached skill level 10 in Armour
 20717 | IceCv    | Entered an ice cave
 21193 | IceCv    | Found the +7 Kryia's mail coat {PotionHeal*2 rC+}
 21203 | IceCv    | Got a dazzling plate armour
 21218 | IceCv    | Identified the cursed +1 plate armour "Ufaricim" {MR++ SInv} (You found it in an ice cave)
 22061 | Lair:4   | Noticed a four-headed hydra
 22069 | Lair:4   | Killed a one-headed hydra
 22902 | Lair:4   | Reached XP level 14. HP: 111/111 MP: 22/22
 22911 | Lair:4   | Reached skill level 14 in Axes
 22957 | Lair:4   | Got a glittering bronze ring
 22967 | Lair:4   | Identified the ring of the Fool {+Inv rF+ Str+2 Stlth+} (You found it on level 4 of the Lair of Beasts)
 23424 | Lair:5   | Found a staircase to the Slime Pits.
 24284 | Lair:6   | Entered Level 6 of the Lair of Beasts
 24386 | Lair:6   | HP: 54/111 [poisoned by a black mamba]
 24391 | Lair:6   | HP: 52/113 [poisoned by a black mamba]
 24396 | Lair:6   | HP: 50/113 [poisoned by a black mamba]
 24401 | Lair:6   | HP: 33/113 [poisoned by a water moccasin]
 24407 | Lair:6   | HP: 27/113 [poisoned by a water moccasin]
 24413 | Lair:6   | HP: 24/113 [poisoned by a water moccasin]
 24418 | Lair:6   | HP: 24/113 [poisoned by a water moccasin]
 24425 | Lair:6   | HP: 24/113 [poisoned by a water moccasin]
 24433 | Lair:6   | HP: 24/113 [poisoned by a water moccasin]
 24475 | Lair:6   | HP: 34/113 [wind drake/the air (2)]
 24486 | Lair:6   | HP: 27/113 [wind drake/the air (9)]
 24492 | Lair:6   | HP: 22/113 [death yak (7)]
 24531 | Lair:6   | HP: 27/113 [wind drake/the air (5)]
 24598 | Lair:6   | HP: 33/113 [crocodile (6)]
 24690 | Lair:6   | HP: 45/113 [rime drake/flash freeze (14)]
 24970 | Lair:6   | HP: 53/113 [water moccasin (5)]
 24976 | Lair:6   | HP: 50/113 [poisoned by a water moccasin]
 24983 | Lair:6   | HP: 49/113 [poisoned by a water moccasin]
 24990 | Lair:6   | HP: 48/113 [poisoned by a water moccasin]
 24998 | Lair:6   | HP: 48/113 [poisoned by a water moccasin]
 25018 | Lair:6   | HP: 53/113 [wind drake/the air (1)]
 25026 | Lair:6   | HP: 52/113 [porcupine (3)]
 25046 | Lair:6   | HP: 52/113 [blink frog (5)]
 25060 | Lair:6   | HP: 54/113 [komodo dragon (2)]
 25070 | Lair:6   | HP: 49/113 [elephant (5)]
 25087 | Lair:6   | HP: 45/113 [crocodile (5)]
 25565 | Lair:6   | Got a steaming golden ring
 25567 | Lair:6   | Identified the ring of Sovereignty {rPois rF+} (You found it on level 6 of the Lair of Beasts)
 25589 | Lair:6   | Reached skill level 5 in Throwing
 26769 | Orc:1    | Entered Level 1 of the Orcish Mines
 26819 | Orc:1    | Noticed a stone giant
 26820 | Orc:1    | HP: 55/113 [stone giant/large rock (29)]
 27916 | Orc:1    | HP: 44/113 [stone giant (23)]
 27917 | Orc:1    | HP: 17/113 [stone giant (27)]
 27932 | Orc:1    | Killed a stone giant
 27959 | D:9      | Reached XP level 15. HP: 23/119 MP: 9/24
 28669 | Orc:1    | Reached skill level 15 in Axes
 28956 | Orc:2    | Entered Level 2 of the Orcish Mines
 29143 | Orc:2    | Noticed Saint Roka
 29387 | Orc:2    | HP: 59/119 [orc/trident of pain[Saint Roka] (3)]
 29390 | Orc:1    | HP: 16/119 [orc knight/war axe (21)]
 29391 | Orc:1    | Slain by an orc knight

Skill      XL: |  1  2  3  4  5  6  7  8  9 10 11 12 13 14 15 |
---------------+----------------------------------------------+-----
Axes           | 3 4 5 6 7 8 9 10 12 13 14 15 | 15.0
Invocations    | 3 5 6 8 9 10 11 12 | 12.3
Armour         | 3 4 6 7 8 9 10 11 | 11.3
Fighting       | 4 5 6 7 8 9 10 11 | 11.6
Dodging        | 2 4 5 6 7 |  7.7
Throwing       | 3 5 |  5.5

Action                   |  1- 3 |  4- 6 |  7- 9 | 10-12 | 13-15 || total
-------------------------+-------+-------+-------+-------+-------++-------
Melee: Hand axe          |   121 |   220 |    81 |    11 |    22 ||   455
       War axe           |       |       |   418 |   155 |       ||   573
       Battleaxe         |       |       |       |   544 |   669 ||  1213
Throw: Tomahawk          |       |       |       |       |    21 ||    21
Invok: Depart the Abyss  |     1 |       |       |       |       ||     1
       Banish            |       |       |     2 |       |       ||     2
       Brand Weapon With |       |       |       |       |     1 ||     1
  Use: Scroll            |       |    11 |     5 |     7 |    15 ||    38
       Potion            |       |     2 |       |       |       ||     2
 Stab: Sleeping          |       |       |       |       |     1 ||     1
  Eat: Chunk             |     2 |     7 |    22 |    28 |    32 ||    91
       Ration            |       |       |     1 |     3 |     1 ||     5
Armor: Leather armour    |    17 |       |       |       |       ||    17
       Ring mail         |    28 |    53 |       |       |       ||    81
       Plate armour      |       |   104 |   406 |    77 |   236 ||   823
       Skin              |       |       |     6 |       |       ||     6
       Quicksilver drago |       |       |       |   369 |    80 ||   449
       Scale mail        |       |       |       |       |    14 ||    14
Dodge: Dodged            |    88 |    94 |   149 |   532 |   332 ||  1195

Vault maps used:
D:1:      dpeg_arrival_rooms_b, hangedman_decor_opposing
D:2:      grunt_temple_overflow_opulence, nrook_loot_triangle,
          minmay_misc_feat_plants, uniq_crazy_yiuf_cottage
D:3:      kb_forest_paths, dancing_weapons_uskayaw, first_ration,
          guppyfry_early_lair_pool
D:4:      lemuel_blue_sif_altar
D:5:      cheibriados_altar_1, minmay_temple_entry_statues_pillars,
          serial_shops, shop, basic_altar, serial_glass, glass_columns_b,
          glass_columns_a, glass_columns_b, glass_columns_a, glass_columns_a,
          item_on_display_a, uniq_eustachio, uniq_prince_ribbit1
D:6:      uniq_edmund, uniq_blork_the_orc, uniq_grinder, uniq_sigmund
D:7:      grunt_temple_overflow_open, glass_columns_b, kennysheep_another_room,
          grunt_qazlal_clouds
D:8:      evilmike_ruin_ashenzari, uniq_gastronok
D:9:      david_orc_2
D:10:     minmay_lair_entry_grove, special_room
D:11:     basic_altar, grunt_ogre_cave, elyvilon_altar_3
Lair:1:   grunt_megastairs_1, serial_bayou_shore_b
Lair:2:   elwin_shoals_entry_rooms, infiniplex_staircase_pool_2,
          grunt_megastairs_4, serial_bayou_shore_b
Lair:3:   minmay_snake_entry_guardpost_small, portal_ice_cave_demonic_guard,
          minmay_holes
Lair:5:   nicolae_slime_entry_slimehenge
Lair:6:   gammafunk_lair_ancient_temple
Orc:2:    grunt_orc_cross, uniq_maurice
IceCv:    ice_cave_tombish
